[Event "DVM U14w 2019"]
[Site "Neumuenster"]
[Date "2019.12.28"]
[Round "4"]
[White "Reiter, Hannah"]
[Black "Muhina, Liana"]
[Result "0-1"]
[ECO "B01"]
[WhiteElo "1373"]
[BlackElo "1272"]
[Annotator "NA"]
[PlyCount "44"]
[EventDate "2019.12.27"]
[EventType "team-tourn"]
[EventRounds "7"]
[EventCountry "GER"]
[SourceTitle "playchess.com"]
[Source "ChessBase"]
[SourceQuality "1"]
[WhiteTeam "Karlsruher SF"]
[BlackTeam "SC Garching"]
[WhiteTeamCountry "GER"]
[TimeControl "40/5400+30:1800+30"]

1. e4 d5 2. exd5 Qxd5 3. Nc3 Qa5 4. Nf3 Nf6 5. d4 Bg4 6. Be2 e6 7. Bd2 c6 8. O-O Bd6 9. Ne4 Qc7 10. Nxf6+ gxf6 11. Bh6 Rg8 12. Bc4 Bh3 13. Nh4 Bxh2+ 14. Kh1 Rg4 15. gxh3 Rxh4 16. Bg7 Rxh3 17. Kg2 Rh4 18. Qe2 Nd7 19. Bxe6 O-O-O 20. Bxf6 Rg8+ 21. Kh1 Bg1+ 22. Bxh4 Qh2# {normal} 0-1

[Event "DVM U14w 2019"]
[Site "Neumuenster"]
[Date "2019.12.28"]
[Round "4"]
[White "Kluehs, Isabel"]
[Black "Moradi, Yassaman"]
[Result "1-0"]
[ECO "D05"]
[WhiteElo "1363"]
[BlackElo "1293"]
[Annotator "NA"]
[PlyCount "119"]
[EventDate "2019.12.27"]
[EventType "team-tourn"]
[EventRounds "7"]
[EventCountry "GER"]
[SourceTitle "playchess.com"]
[Source "ChessBase"]
[SourceQuality "1"]
[WhiteTeam "SC Borussia Lichtenberg"]
[BlackTeam "SV Traktor Priestewitz"]
[WhiteTeamCountry "GER"]
[TimeControl "40/5400+30:1800+30"]

1. d4 d5 2. Nf3 e6 3. e3 c5 4. c3 Nf6 5. Bd3 c4 6. Bc2 Nc6 7. Nbd2 Be7 8. O-O O-O 9. e4 Qc7 10. e5 Nd7 11. Re1 f6 12. exf6 Nxf6 13. Nf1 Bd7 14. Ng3 Bd6 15. Qe2 Rae8 16. Bg5 Ne7 17. Bxf6 Rxf6 18. Ng5 Ng6 19. Qh5 h6 20. Bxg6 Rc8 21. Bf7+ Kh8 22. Bxe6 Bxe6 23. Nxe6 Qd7 24. Ng5 Rcf8 25. Nh3 Bxg3 26. hxg3 Rf5 27. Qe2 Qf7 28. Rf1 Re8 29. Qc2 b5 30. Rae1 Rf8 31. Qe2 Rf6 32. Qe7 Qxe7 33. Rxe7 a5 34. a3 a4 35. Re5 Rd6 36. Rfe1 Rdd8 37. Nf4 Kh7 38. Ne6 Rb8 39. Nxf8+ Rxf8 40. Rxd5 g5 41. Rxb5 Kg6 42. g4 Rf6 43. Rbe5 Kg7 44. Re7+ Kg8 45. Ra7 Rf7 46. Ree7 Rf4 47. Re8+ Rf8 48. Rxf8+ Kxf8 49. f3 Ke8 50. Kf2 Kd8 51. Ke3 Ke8 52. Ke4 Kd8 53. Kd5 Ke8 54. Kd6 Kf8 55. Ke6 Kg8 56. Kf6 h5 57. gxh5 g4 58. fxg4 Kh8 59. Kg6 Kg8 60. Ra8# {normal} 1-0

[Event "DVM U14w 2019"]
[Site "Neumuenster"]
[Date "2019.12.28"]
[Round "4"]
[White "Alferova, Emily"]
[Black "Schulz, Hannah"]
[Result "0-1"]
[ECO "B13"]
[WhiteElo "1352"]
[BlackElo "1588"]
[Annotator "NA"]
[PlyCount "94"]
[EventDate "2019.12.27"]
[EventType "team-tourn"]
[EventRounds "7"]
[EventCountry "GER"]
[SourceTitle "playchess.com"]
[Source "ChessBase"]
[SourceQuality "1"]
[WhiteTeam "SC Garching"]
[BlackTeam "Karlsruher SF"]
[BlackTeamCountry "GER"]
[TimeControl "40/5400+30:1800+30"]

1. e4 c6 2. d4 d5 3. exd5 cxd5 4. Bd3 Nc6 5. c3 g6 6. Bf4 Nf6 7. Nd2 Bg7 8. Ngf3 O-O 9. h3 a5 10. O-O Bf5 11. Qc2 Qd7 12. Bxf5 gxf5 13. Be5 Ne4 14. Bxg7 Kxg7 15. Nxe4 fxe4 16. Nh2 Kh8 17. Rae1 Rg8 18. Re3 Rg7 19. f4 Rag8 20. Ng4 f5 21. Ne5 Rxg2+ 22. Qxg2 Rxg2+ 23. Kxg2 Nxe5 24. fxe5 e6 25. Rg3 Qf7 26. Rf4 Qh5 27. b3 Qe2+ 28. Rf2 Qe1 29. Rf1 Qd2+ 30. Rf2 Qc1 31. Rf1 Qa3 32. Rf2 b5 33. Kh2 Qf8 34. Kg1 f4 35. Kf1 f3 36. Kg1 Qa3 37. Rc2 Qf8 38. Rf2 Qf4 39. Kh2 Qc1 40. Rg1 Qxc3 41. Rd1 Qe3 42. Kg3 Qg5+ 43. Kh2 Qf4+ 44. Kh1 e3 45. Rc2 f2 46. Rc8+ Kg7 47. Rc7+ Kg6 {[%emt 0:00:06] normal} 0-1

[Event "DVM U14w 2019"]
[Site "Neumuenster"]
[Date "2019.12.28"]
[Round "4"]
[White "Frowein, Katja"]
[Black "Kuran, Olivia"]
[Result "1-0"]
[ECO "C44"]
[WhiteElo "1271"]
[BlackElo "1003"]
[Annotator "NA"]
[PlyCount "83"]
[EventDate "2019.12.27"]
[EventType "team-tourn"]
[EventRounds "7"]
[EventCountry "GER"]
[SourceTitle "playchess.com"]
[Source "ChessBase"]
[SourceQuality "1"]
[WhiteTeam "SC Garching"]
[BlackTeam "Karlsruher SF"]
[TimeControl "40/5400+30:1800+30"]

1. e4 e5 2. Nf3 Nc6 3. d4 d6 4. dxe5 dxe5 5. Qxd8+ Nxd8 6. Nxe5 Nf6 7. f3 Bd6 8. Bf4 Nc6 9. Bb5 Bd7 10. Nxd7 Nxd7 11. Bxd6 cxd6 12. Nc3 Rd8 13. O-O-O O-O 14. Rxd6 Ndb8 15. Rhd1 a6 16. Bxc6 Rxd6 17. Rxd6 Nxc6 18. h4 Rd8 19. Rxd8+ Nxd8 20. Nd5 Nc6 21. Kd2 f6 22. Kc3 Kf8 23. a4 Ke8 24. b4 b5 25. axb5 axb5 26. Nc7+ Kd7 27. Nxb5 Kc8 28. Nd4 Nxd4 29. Kxd4 Kc7 30. Kc5 h5 31. b5 Kb7 32. b6 g6 33. g3 Kb8 34. Kc6 Kc8 35. Kd6 Kb7 36. Ke6 Kxb6 37. Kxf6 Kc5 38. Kxg6 Kd4 39. f4 Kxe4 40. f5 Kf3 41. f6 Kxg3 42. Kxh5 {[%emt 0:00:08] normal} 1-0

[Event "DVM U14w 2019"]
[Site "Neumuenster"]
[Date "2019.12.28"]
[Round "4"]
[White "Moradi, Yakta"]
[Black "Hafermann, Lara"]
[Result "1/2-1/2"]
[ECO "B00"]
[WhiteElo "1257"]
[BlackElo "1161"]
[Annotator "NA"]
[PlyCount "134"]
[EventDate "2019.12.27"]
[EventType "team-tourn"]
[EventRounds "7"]
[EventCountry "GER"]
[SourceTitle "playchess.com"]
[Source "ChessBase"]
[SourceQuality "1"]
[WhiteTeam "SV Traktor Priestewitz"]
[BlackTeam "SC Borussia Lichtenberg"]
[TimeControl "40/5400+30:1800+30"]

1. e4 b6 2. Nc3 Bb7 3. Bc4 e6 4. d3 Nf6 5. Bf4 d5 6. Bb3 Bd6 7. e5 d4 8. Nce2 Bxe5 9. Bxe5 Bxg2 10. f3 Bxh1 11. Ng3 Nbd7 12. Bxd4 Bxf3 13. Nxf3 O-O 14. Qe2 c5 15. Bg1 Qc7 16. O-O-O Rac8 17. Nd2 Rfd8 18. a3 b5 19. Bf2 Nb6 20. h4 a5 21. h5 h6 22. Ngf1 a4 23. Ba2 b4 24. axb4 cxb4 25. Nc4 Nxc4 26. Bxc4 a3 27. Bg3 axb2+ 28. Kxb2 Qc5 29. Bf2 Qa5 30. Ra1 Qxh5 31. Qxh5 Nxh5 32. Kb3 Ra8 33. Re1 Nf6 34. Kxb4 Nd5+ 35. Bxd5 Rxd5 36. Kc3 Rc8+ 37. Kd2 Rf5 38. Be3 g5 39. Ng3 Rb5 40. Rc1 f5 41. Bd4 f4 42. Ne4 Rd5 43. Nf6+ Kf7 44. Nxd5 exd5 45. Rh1 Kg6 46. c3 Re8 47. c4 dxc4 48. dxc4 f3 49. c5 g4 50. c6 Rc8 51. Be3 h5 52. Ke1 Rxc6 53. Kf2 Rc2+ 54. Kg3 Rg2+ 55. Kf4 Re2 56. Rf1 Ra2 57. Kg3 Rg2+ 58. Kf4 h4 59. Rg1 h3 60. Rh1 Kh5 61. Bd4 h2 62. Bg1 Kg6 63. Bxh2 f2 64. Rf1 Rxh2 65. Kxg4 Rh7 66. Rxf2 Rf7 67. Rxf7 Kxf7 {normal} 1/2-1/2

[Event "DVM U14w 2019"]
[Site "Neumuenster"]
[Date "2019.12.28"]
[Round "4"]
[White "Mai, Mariella"]
[Black "Müller, Helene"]
[Result "1-0"]
[ECO "A02"]
[WhiteElo "1232"]
[BlackElo "1545"]
[Annotator "NA"]
[PlyCount "63"]
[EventDate "2019.12.27"]
[EventType "team-tourn"]
[EventRounds "7"]
[EventCountry "GER"]
[SourceTitle "playchess.com"]
[Source "ChessBase"]
[SourceQuality "1"]
[WhiteTeam "SV Traktor Priestewitz"]
[BlackTeam "SC Borussia Lichtenberg"]
[TimeControl "40/5400+30:1800+30"]

1. f4 c5 2. e4 d6 3. Nf3 Nc6 4. Nc3 Nf6 5. d4 cxd4 6. Nxd4 g6 7. Nxc6 bxc6 8. e5 dxe5 9. Qxd8+ Kxd8 10. fxe5 Ng4 11. Bf4 Bg7 12. O-O-O+ Ke8 13. Re1 Be6 14. h3 Nh6 15. Bd3 Nf5 16. Be4 Rc8 17. g4 Nd4 18. Rd1 c5 19. Rd2 f6 20. exf6 exf6 21. b3 Kf7 22. Na4 Nb5 23. Bb7 Rcd8 24. Nxc5 a5 25. Nxe6 Kxe6 26. Re1+ Kf7 27. Rde2 Nd4 28. Bd5+ Rxd5 29. Re7+ Kg8 30. Re8+ Bf8 31. Bh6 Ne6 32. R1xe6 {[%emt 0:00:48] normal} 1-0

[Event "DVM U14w 2019"]
[Site "Neumuenster"]
[Date "2019.12.28"]
[Round "4"]
[White "Halas, Neele Zoe"]
[Black "Voigt, Anastasia"]
[Result "0-1"]
[ECO "C45"]
[WhiteElo "1076"]
[BlackElo "1511"]
[Annotator "NA"]
[PlyCount "144"]
[EventDate "2019.12.27"]
[EventType "team-tourn"]
[EventRounds "7"]
[EventCountry "GER"]
[SourceTitle "playchess.com"]
[Source "ChessBase"]
[SourceQuality "1"]
[WhiteTeam "SG Leipzig"]
[BlackTeam "USV Halle"]
[BlackTeamCountry "GER"]
[TimeControl "40/5400+30:1800+30"]

1. e4 e5 2. Nf3 Nc6 3. d4 exd4 4. Nxd4 Nf6 5. Nxc6 bxc6 6. e5 Qe7 7. Qe2 Nd5 8. c4 Ba6 9. b3 g6 10. Ba3 c5 11. Qe4 Nb6 12. Bd3 Bg7 13. Bb2 O-O 14. O-O Rfe8 15. Re1 d6 16. f4 Rab8 17. Nd2 Bb7 18. Qe3 dxe5 19. fxe5 Nd7 20. Qg3 Bxe5 21. Bxe5 Nxe5 22. Bc2 Qd6 23. Nf1 Nc6 24. Rad1 Nd4 25. Rxe8+ Rxe8 26. Qxd6 cxd6 27. Bd3 Kf8 28. Ng3 a5 29. Kf2 Re6 30. Ne2 Nxe2 31. Bxe2 Bxg2 32. Kxg2 Rxe2+ 33. Kg3 Ke7 34. Ra1 Rc2 35. Re1+ Kd7 36. Ra1 a4 37. Kh3 a3 38. Kg3 f5 39. h4 h6 40. Kf4 Re2 41. Kf3 Re4 42. Kg3 Ke6 43. Rf1 Ke5 44. h5 g5 45. Rd1 Rd4 46. Re1+ Kf6 47. Re2 Kf7 48. Rf2 Rg4+ 49. Kh3 Rh4+ 50. Kg3 f4+ 51. Kg2 Rxh5 52. Rf3 Rh4 53. Kg1 Rg4+ 54. Kf2 Rg3 55. Rxg3 fxg3+ 56. Kxg3 Kf6 57. Kg2 Ke5 58. Kg3 Kd4 59. Kg4 Kc3 60. Kh5 Kb2 61. Kg4 Kxa2 62. Kh5 Kxb3 63. Kg4 a2 64. Kh5 a1=Q 65. Kg4 Qf6 66. Kh5 Qf4 67. Kg6 g4 68. Kg7 g3 69. Kg6 g2 70. Kg7 g1=R+ 71. Kh7 Qf7+ 72. Kh8 Qg7# {normal} 0-1

[Event "DVM U14w 2019"]
[Site "Neumuenster"]
[Date "2019.12.28"]
[Round "4"]
[White "Gietzelt, Magdalena"]
[Black "Muhina, Alina"]
[Result "1-0"]
[ECO "B13"]
[WhiteElo "841"]
[BlackElo "1228"]
[Annotator "NA"]
[PlyCount "91"]
[EventDate "2019.12.27"]
[EventType "team-tourn"]
[EventRounds "7"]
[EventCountry "GER"]
[SourceTitle "playchess.com"]
[Source "ChessBase"]
[SourceQuality "1"]
[WhiteTeam "Karlsruher SF"]
[BlackTeam "SC Garching"]
[TimeControl "40/5400+30:1800+30"]

1. e4 c6 2. d4 d5 3. exd5 cxd5 4. Nf3 Nc6 5. Bd3 Qc7 6. c3 Bg4 7. O-O Nf6 8. Qe2 e6 9. Be3 Ne4 10. Nbd2 Nxd2 11. Bxd2 Bd6 12. g3 Bh3 13. Rfe1 O-O-O 14. Ng5 Bf5 15. Qf3 Bxd3 16. Nxf7 Rhf8 17. Nxd6+ Qxd6 18. Qxd3 h6 19. Bf4 Qe7 20. Re2 g5 21. Be5 Nxe5 22. Rxe5 Qf7 23. Rf1 Rd6 24. Qb5 Qd7 25. Qb4 Qc7 26. Rxe6 Rfd8 27. Rfe1 Kb8 28. Rxd6 Qxd6 29. Qxd6+ Rxd6 30. Re8+ Kc7 31. Re7+ Kb6 32. Kf1 a5 33. a4 Ka6 34. Ke2 b5 35. b3 bxa4 36. bxa4 Kb6 37. f4 gxf4 38. gxf4 Rf6 39. Kf3 h5 40. Re5 Rc6 41. f5 Rxc3+ 42. Re3 Rc1 43. Kf4 Rf1+ 44. Kg5 Kc6 45. f6 Kd7 46. Kg6 {[%emt 0:00:10] normal} 1-0

[Event "DVM U14w 2019"]
[Site "Neumuenster"]
[Date "2019.12.28"]
[Round "4"]
[White "Boutayeb, Malak"]
[Black "Popovidou, Laura"]
[Result "0-1"]
[ECO "C50"]
[WhiteElo "800"]
[BlackElo "931"]
[Annotator "NA"]
[PlyCount "28"]
[EventDate "2019.12.27"]
[EventType "team-tourn"]
[EventRounds "7"]
[EventCountry "GER"]
[SourceTitle "playchess.com"]
[Source "ChessBase"]
[SourceQuality "1"]
[WhiteTeam "VSG 1880 Offenbach"]
[BlackTeam "SG Porz"]
[TimeControl "40/5400+30:1800+30"]

1. e4 e5 2. Nf3 Nc6 3. Bc4 Bc5 4. Nc3 Nf6 5. d3 h6 6. h3 d6 7. O-O O-O 8. Nh4 Ng4 9. hxg4 Qxh4 10. Be3 Bxg4 11. f3 Bxe3+ 12. Rf2 Bxf2+ 13. Kf1 Be3 14. Ke2 {[%emt 0:01:00] normal} Qf2# {[%emt 0:00:29] normal} 0-1

[Event "DVM U14w 2019"]
[Site "Neumuenster"]
[Date "2019.12.29"]
[Round "5"]
[White "Zhou, Lepu Coco"]
[Black "Ramien, Hannah"]
[Result "1-0"]
[ECO "C26"]
[WhiteElo "1892"]
[BlackElo "1439"]
[Annotator "NA"]
[PlyCount "71"]
[EventDate "2019.12.27"]
[EventType "team-tourn"]
[EventRounds "7"]
[EventCountry "GER"]
[SourceTitle "playchess.com"]
[Source "ChessBase"]
[SourceQuality "1"]
[WhiteTeam "USV Halle"]
[BlackTeam "SG Porz"]
[WhiteTeamCountry "GER"]
[BlackTeamCountry "GER"]
[TimeControl "40/5400+30:1800+30"]

1. e4 e5 2. Nc3 Nf6 3. f4 exf4 4. e5 Ng8 5. Nf3 d6 6. Qe2 dxe5 7. Qxe5+ Qe7 8. Nd5 Qxe5+ 9. Nxe5 Bd6 10. Nc4 Kd8 11. Nxd6 cxd6 12. d4 Nc6 13. c3 g5 14. g3 Be6 15. Bg2 Bxd5 16. Bxd5 fxg3 17. Bxf7 Ke7 18. Bd5 Re8 19. hxg3 g4 20. Bg5+ Nf6 21. O-O-O Ref8 22. Rhf1 Kd7 23. Bxf6 Rhg8 24. Bxg8 Rxg8 25. Bh4 Rg7 26. Rf8 Kc7 27. d5 Ne7 28. Bxe7 Rxe7 29. Rd4 b5 30. a4 a6 31. axb5 axb5 32. Rb4 Kb6 33. Rb8+ Ka7 34. R8xb5 Ka6 35. c4 Ka7 36. Ra4# {[%emt 0:00:05] normal} 1-0

[Event "DVM U14w 2019"]
[Site "Neumuenster"]
[Date "2019.12.29"]
[Round "5"]
[White "Werner, Rosalie"]
[Black "Glowiak, Alexandra"]
[Result "1-0"]
[ECO "C54"]
[WhiteElo "1674"]
[BlackElo "1403"]
[Annotator "NA"]
[PlyCount "97"]
[EventDate "2019.12.27"]
[EventType "team-tourn"]
[EventRounds "7"]
[EventCountry "GER"]
[SourceTitle "playchess.com"]
[Source "ChessBase"]
[SourceQuality "1"]
[WhiteTeam "VSG 1880 Offenbach"]
[BlackTeam "SV Traktor Priestewitz"]
[WhiteTeamCountry "GER"]
[TimeControl "40/5400+30:1800+30"]

1. e4 e5 2. Nf3 Nc6 3. Bc4 Bc5 4. c3 Nf6 5. d4 exd4 6. e5 Ng4 7. cxd4 Bb4+ 8. Nc3 d5 9. Bb5 Bf5 10. O-O Qd7 11. Qb3 Bxc3 12. Qxc3 O-O 13. h3 Nh6 14. Bxh6 gxh6 15. Rac1 Rab8 16. b3 Rfc8 17. Bxc6 bxc6 18. Qxc6 Qxc6 19. Rxc6 Rb6 20. Rfc1 Rxc6 21. Rxc6 Be6 22. Ne1 Kf8 23. g4 h5 24. f3 hxg4 25. hxg4 Ke7 26. Nd3 Kd7 27. Ra6 Ra8 28. Nb4 Rb8 29. Nd3 Ra8 30. Nc5+ Ke7 31. Rc6 Rc8 32. Kg2 Bd7 33. Rf6 Be6 34. Kg3 Rg8 35. Nxe6 fxe6 36. Rh6 Rg7 37. b4 Kd7 38. f4 Ke7 39. Kf3 Rf7 40. b5 Rg7 41. f5 exf5 42. gxf5 Ke8 43. f6 Rg1 44. Rxh7 Rf1+ 45. Kg4 Kf8 46. Rd7 Ke8 47. Rxd5 Kf7 48. Rd7+ Ke6 49. Rxc7 {normal} 1-0

[Event "DVM U14w 2019"]
[Site "Neumuenster"]
[Date "2019.12.29"]
[Round "5"]
[White "Zoellner, Bente"]
[Black "Reiter, Hannah"]
[Result "1-0"]
[ECO "D60"]
[WhiteElo "1630"]
[BlackElo "1373"]
[Annotator "NA"]
[PlyCount "109"]
[EventDate "2019.12.27"]
[EventType "team-tourn"]
[EventRounds "7"]
[EventCountry "GER"]
[SourceTitle "playchess.com"]
[Source "ChessBase"]
[SourceQuality "1"]
[WhiteTeam "SC Papenburg"]
[BlackTeam "Karlsruher SF"]
[WhiteTeamCountry "GER"]
[BlackTeamCountry "GER"]
[TimeControl "40/5400+30:1800+30"]

1. d4 d5 2. c4 e6 3. Nf3 Nf6 4. Nc3 Nbd7 5. Bg5 Be7 6. e3 O-O 7. cxd5 exd5 8. Bd3 c5 9. O-O cxd4 10. Nxd4 Ne5 11. Bf5 Bxf5 12. Nxf5 Bd6 13. Bxf6 Qxf6 14. Nxd6 Qxd6 15. Qxd5 Qxd5 16. Nxd5 Nc4 17. b3 Ne5 18. Rac1 Rfd8 19. e4 a6 20. Rc7 b5 21. Rfc1 g6 22. Rc8 Kf8 23. Rxa8 Rxa8 24. Kf1 Rd8 25. Ke2 f5 26. f3 Kf7 27. Rc7+ Ke6 28. Rxh7 Kd6 29. Rc7 a5 30. Rc1 a4 31. exf5 gxf5 32. Ne3 f4 33. Rd1+ Ke7 34. Rxd8 Kxd8 35. Nd5 Kd7 36. Nxf4 Kc6 37. Nd3 Ng6 38. f4 Ne7 39. Ke3 Nd5+ 40. Kd4 Nc7 41. f5 Kb6 42. g4 Ne8 43. g5 Nc7 44. Nf4 axb3 45. axb3 b4 46. Nd5+ Kc6 47. Nxc7 Kxc7 48. g6 Kb6 49. g7 Kc6 50. g8=Q Kd6 51. Qe6+ Kc7 52. Kc5 Kd8 53. Qf7 Kc8 54. Kc6 Kb8 55. Qb7# {normal} 1-0

[Event "DVM U14w 2019"]
[Site "Neumuenster"]
[Date "2019.12.29"]
[Round "5"]
[White "Becker, Linda"]
[Black "Dietz, Kristin"]
[Result "1/2-1/2"]
[ECO "B22"]
[WhiteElo "1617"]
[BlackElo "1946"]
[Annotator "NA"]
[PlyCount "69"]
[EventDate "2019.12.27"]
[EventType "team-tourn"]
[EventRounds "7"]
[EventCountry "GER"]
[SourceTitle "playchess.com"]
[Source "ChessBase"]
[SourceQuality "1"]
[WhiteTeam "SG Porz"]
[BlackTeam "USV Halle"]
[WhiteTeamCountry "GER"]
[BlackTeamCountry "GER"]
[TimeControl "40/5400+30:1800+30"]

1. e4 c5 2. c3 d5 3. exd5 Qxd5 4. d4 Nf6 5. Nf3 {[%emt 0:00:29] unterminated} Bg4 6. Be2 e6 7. Be3 cxd4 8. cxd4 Nc6 {[%emt 0:00:49] unterminated} 9. Nc3 {[%emt 0:00:37] unterminated} Qd6 10. O-O Be7 {[%emt 0:00:16] unterminated} 11. Qd2 {[%emt 0:02:48] unterminated} O-O {[%emt 0:01:32] unterminated} 12. Rac1 {[%emt 0:01:41] unterminated} Rfd8 $11 13. Rfd1 Rac8 14. a3 Nd5 15. Ne4 Qb8 16. Bg5 h6 17. Bxe7 Ndxe7 18. Rc4 e5 19. Qc1 Bxf3 20. Bxf3 Nxd4 21. Bh5 Nd5 22. Bxf7+ Kxf7 23. Rxc8 Rxc8 24. Qxc8 Qxc8 25. Nd6+ Ke6 26. Nxc8 a6 27. Kf1 Kd7 28. Na7 g5 29. Ke1 Nb6 30. Rc1 Nf5 31. Ke2 Nd4+ 32. Ke3 Nb3 33. Rc2 Nd4 34. Rc5 Nb3 35. Rc2 {[%emt 0:02:17] normal} 1/2-1/2

[Event "DVM U14w 2019"]
[Site "Neumuenster"]
[Date "2019.12.29"]
[Round "5"]
[White "Schulz, Hannah"]
[Black "Roncea, Andrea-Alexandra"]
[Result "0-1"]
[ECO "C50"]
[WhiteElo "1588"]
[BlackElo "1591"]
[Annotator "NA"]
[PlyCount "30"]
[EventDate "2019.12.27"]
[EventType "team-tourn"]
[EventRounds "7"]
[EventCountry "GER"]
[SourceTitle "playchess.com"]
[Source "ChessBase"]
[SourceQuality "1"]
[WhiteTeam "Karlsruher SF"]
[BlackTeam "SC Papenburg"]
[WhiteTeamCountry "GER"]
[BlackTeamCountry "GER"]
[TimeControl "40/5400+30:1800+30"]

1. e4 e5 2. Nf3 Nc6 3. Bc4 Bc5 4. O-O d6 5. c3 Nf6 6. d3 a6 7. a4 Ba7 8. Re1 h6 9. Nbd2 O-O 10. Nf1 Ne7 11. Ng3 Ng6 12. h3 Re8 13. Qb3 Rf8 14. Nf5 Bxf5 15. exf5 Ne7 {[%emt 0:00:37] normal} 0-1

[Event "DVM U14w 2019"]
[Site "Neumuenster"]
[Date "2019.12.29"]
[Round "5"]
[White "Voigt, Anastasia"]
[Black "Siegel, Irene"]
[Result "1-0"]
[ECO "C54"]
[WhiteElo "1511"]
[BlackElo "1004"]
[Annotator "NA"]
[PlyCount "61"]
[EventDate "2019.12.27"]
[EventType "team-tourn"]
[EventRounds "7"]
[EventCountry "GER"]
[SourceTitle "playchess.com"]
[Source "ChessBase"]
[SourceQuality "1"]
[WhiteTeam "USV Halle"]
[BlackTeam "SG Porz"]
[WhiteTeamCountry "GER"]
[TimeControl "40/5400+30:1800+30"]

1. e4 e5 2. Nf3 Nc6 3. Bc4 Bc5 4. c3 Nf6 5. d3 d6 6. h3 a6 7. Bb3 h6 8. Nbd2 O-O 9. Nf1 Re8 10. Ne3 Ne7 11. O-O Ng6 12. Re1 c6 13. Nf1 Nh7 14. Be3 Bxe3 15. Nxe3 Nh4 16. Nc4 Nxf3+ 17. Qxf3 Be6 18. d4 d5 19. Nxe5 Ng5 20. Qh5 Nxe4 21. Bc2 Ng5 22. f4 Nh7 23. Bxh7+ Kxh7 24. f5 Bd7 25. Qxf7 Rf8 26. Qxd7 Qg5 27. Nf3 Qf4 28. Re7 Rg8 29. Qe6 Kh8 30. Ne5 Qg5 31. Nf7+ {[%emt 0:00:08] normal} 1-0

[Event "DVM U14w 2019"]
[Site "Neumuenster"]
[Date "2019.12.29"]
[Round "5"]
[White "Sinner, Joselyne"]
[Black "Stowicek, Yara Mathilda"]
[Result "1/2-1/2"]
[ECO "C49"]
[WhiteElo "1407"]
[BlackElo "1682"]
[Annotator "NA"]
[PlyCount "46"]
[EventDate "2019.12.27"]
[EventType "team-tourn"]
[EventRounds "7"]
[EventCountry "GER"]
[SourceTitle "playchess.com"]
[Source "ChessBase"]
[SourceQuality "1"]
[WhiteTeam "SG Porz"]
[BlackTeam "USV Halle"]
[WhiteTeamCountry "GER"]
[BlackTeamCountry "GER"]
[TimeControl "40/5400+30:1800+30"]

1. e4 e5 2. Nf3 Nc6 3. Nc3 Nf6 4. Bb5 Bb4 5. O-O O-O 6. d3 d6 7. Bg5 Bxc3 8. bxc3 Qe7 9. Re1 Nd8 10. Bc1 h6 11. Qe2 Nh7 12. d4 Bg4 13. h3 Bxf3 14. Qxf3 Ne6 15. Qd3 Qf6 16. Be3 Rad8 17. Bc4 Nf4 18. Bxf4 Qxf4 19. Qe3 Qf6 20. Rad1 a6 21. Bb3 Ng5 22. f3 Ne6 23. Bxe6 Qxe6 {[%emt 0:01:33] normal} 1/2-1/2

[Event "DVM U14w 2019"]
[Site "Neumuenster"]
[Date "2019.12.29"]
[Round "5"]
[White "Rosin, Ida"]
[Black "Halas, Neele Zoe"]
[Result "0-1"]
[ECO "C45"]
[WhiteElo "1389"]
[BlackElo "1076"]
[Annotator "NA"]
[PlyCount "118"]
[EventDate "2019.12.27"]
[EventType "team-tourn"]
[EventRounds "7"]
[EventCountry "GER"]
[SourceTitle "playchess.com"]
[Source "ChessBase"]
[SourceQuality "1"]
[WhiteTeam "Lübecker SV"]
[BlackTeam "SG Leipzig"]
[WhiteTeamCountry "GER"]
[TimeControl "40/5400+30:1800+30"]

1. e4 e5 2. Nf3 Nc6 3. d4 exd4 4. Nxd4 Bc5 5. Be3 Qf6 6. Nxc6 Bxe3 7. fxe3 Qxc6 8. Nc3 b6 9. Qd3 Bb7 10. O-O-O O-O-O 11. Be2 Nf6 12. Bf3 Qe6 13. Qd4 Rhe8 14. Rhe1 Qe5 15. Qxe5 Rxe5 16. Rd4 Rde8 17. Red1 d6 18. R1d3 Nxe4 19. Nxe4 Bxe4 20. Bxe4 Rxe4 21. Rxe4 Rxe4 22. c3 Kd7 23. Kc2 c6 24. Kd2 Ke6 25. g3 d5 26. b3 c5 27. Ke2 Ke5 28. Kf3 f5 29. h3 g5 30. Kf2 f4 31. g4 fxe3+ 32. Rxe3 Rxe3 33. Kxe3 d4+ 34. cxd4+ cxd4+ 35. Kd3 Kd5 36. a3 a6 37. b4 b5 38. Kd2 Ke5 39. Kd3 Kf4 40. Kxd4 Kg3 41. Kc5 Kxh3 42. Kb6 Kxg4 43. Kxa6 h5 44. Kxb5 h4 45. a4 h3 46. a5 h2 47. a6 h1=Q 48. a7 Qb7+ 49. Kc4 Qxa7 50. b5 Qb6 51. Kb4 Kh3 52. Kc4 g4 53. Kb4 g3 54. Kb3 Qxb5+ 55. Kc3 g2 56. Kd2 g1=R 57. Kc2 Rg3 58. Kc1 Rg2 59. Kd1 Qf1# {[%emt 0:00:09] normal} 0-1

[Event "DVM U14w 2019"]
[Site "Neumuenster"]
[Date "2019.12.29"]
[Round "5"]
[White "Nguyen, Jenny Ha-Linh"]
[Black "Alscher, Anouk"]
[Result "1/2-1/2"]
[ECO "C54"]
[WhiteElo "1387"]
[BlackElo "1110"]
[Annotator "NA"]
[PlyCount "48"]
[EventDate "2019.12.27"]
[EventType "team-tourn"]
[EventRounds "7"]
[EventCountry "GER"]
[SourceTitle "playchess.com"]
[Source "ChessBase"]
[SourceQuality "1"]
[WhiteTeam "SG Leipzig"]
[BlackTeam "Lübecker SV"]
[WhiteTeamCountry "GER"]
[TimeControl "40/5400+30:1800+30"]

1. e4 e5 2. Nf3 Nc6 3. Bc4 Bc5 4. c3 Nf6 5. d3 d6 6. O-O O-O 7. Bb3 Bg4 8. Nbd2 Qd7 9. Re1 Rfe8 10. Nf1 h6 11. Ng3 Nh5 12. Nxh5 Bxh5 13. Be3 Bb6 14. Bxb6 cxb6 15. d4 Bxf3 16. gxf3 exd4 17. cxd4 Re7 18. Kh1 Rae8 19. a3 Kf8 20. d5 Na5 21. Ba2 b5 22. Qd3 b6 23. b4 Nb7 24. Re3 Re5 {[%emt 0:05:27] normal} 1/2-1/2

[Event "DVM U14w 2019"]
[Site "Neumuenster"]
[Date "2019.12.29"]
[Round "5"]
[White "Dixon Quiroz, Laura Michaela"]
[Black "Moradi, Yassaman"]
[Result "1-0"]
[ECO "B92"]
[WhiteElo "1310"]
[BlackElo "1293"]
[Annotator "NA"]
[PlyCount "103"]
[EventDate "2019.12.27"]
[EventType "team-tourn"]
[EventRounds "7"]
[EventCountry "GER"]
[SourceTitle "playchess.com"]
[Source "ChessBase"]
[SourceQuality "1"]
[WhiteTeam "VSG 1880 Offenbach"]
[BlackTeam "SV Traktor Priestewitz"]
[WhiteTeamCountry "GER"]
[TimeControl "40/5400+30:1800+30"]

1. e4 c5 2. Nf3 d6 3. d4 cxd4 4. Nxd4 Nf6 5. Nc3 a6 6. Be2 e5 7. Nb3 Be7 8. O-O O-O 9. Re1 Nc6 10. a4 Be6 11. Bf3 Qd7 12. Nd5 Rad8 13. Be3 Bxd5 14. exd5 e4 15. dxc6 Qxc6 16. Be2 d5 17. Nd4 Qd7 18. c3 Qd6 19. b4 Rc8 20. Nf5 Qe5 21. Nxe7+ Qxe7 22. Bc5 Qc7 23. Bxf8 Rxf8 24. Qb3 Rd8 25. Red1 Qe5 26. Rd4 Nh5 27. Bxh5 Qxh5 28. Rad1 Rf8 29. Qxd5 Qg6 30. Qxe4 Qxe4 31. Rxe4 g6 32. Re7 Rc8 33. Rd3 b6 34. f4 Kg7 35. Kf2 b5 36. axb5 axb5 37. Rb7 Ra8 38. Kf3 h5 39. Rxb5 Re8 40. Re5 Rxe5 41. fxe5 g5 42. Rd7 Kg6 43. b5 g4+ 44. Kf4 Kg7 45. e6 g3 46. hxg3 h4 47. Rxf7+ Kg6 48. gxh4 Kh5 49. g3 Kg6 50. b6 Kh6 51. Kf5 Kh5 52. Rh7# {[%emt 0:00:08] normal} 1-0